 Dungeon Crawl Stone Soup version 0.30-a0-1035-g38d5fb2972 (webtiles) character file.

Game seed: 1995724640677014153

26245 Destinykillz the Fighter (level 13, -6/109 HPs)
             Began as a Human Fighter on Apr 8, 2023.
             Was an Elder of the Shining One.
             Mangled by an earth elemental (22 damage)
             ... on level 2 of the Abyss.
             The game lasted 01:19:56 (17304 turns).

Destinykillz the Fighter (Human Fighter)           Turns: 17304, Time: 01:19:56

Health: -6/109     AC: 18    Str: 25    XL:     13   Next: 56%
Magic:  0/27       EV:  9    Int: 15    God:    the Shining One [****..]
Gold:   30         SH: 16    Dex: 13    Spells: 15/19 levels left

rFire   . . .      SeeInvis .    v - +6 quick blade of Geuvang {heavy, rPois Str+4}
rCold   + . .      Faith    .    j - +5 kite shield
rNeg    + + .      Spirit   +    Z - +1 acid dragon scales
rPois   +          Reflect  .    C - +1 hat
rElec   .          Rampage  .    V - +2 cloak
rCorr   +                        s - +2 pair of gloves
Will    .....                    u - +0 pair of boots
Stlth   +                        c - amulet of guardian spirit
HPRegen 0.00/turn                z - +6 ring of intelligence
MPRegen 0.20/turn                k - ring of magical power

@: sick, glowing
A: cold resistance 1, deterioration 1, regeneration 1, noise suppression
a: Renounce Religion, Divine Shield, Cleansing Flame


You were on level 2 of the Abyss.
You worshipped the Shining One.
The Shining One was greatly pleased with you.
You visited 3 branches of the dungeon, and saw 13 of its levels.
You visited the Abyss 1 time.
You also visited: Ossuary and Bailey.

You collected 592 gold pieces.
You spent 562 gold pieces at shops.

Inventory:

Hand Weapons
 v - the +6 quick blade of Geuvang (weapon) {heavy, rPois Str+4}
   (You acquired it on level 9 of the Dungeon)

   Str:       It affects your strength (+4).
   rPois:     It protects you from poison.
 E - the +12 sling "Giantslayer" {freeze, MP-9 Int+5}
   (You took it off a kobold on level 7 of the Dungeon)

   Int:       It affects your intelligence (+5).
   MP:        It affects your magic capacity (-9).
 K - the +7 sceptre of Torment {pain, torment}
   (You found it in a bailey)

   The Shining One disapproves of the use of such an item.
Missiles
 e - 2 curare-tipped darts
 i - 4 silver javelins
 r - 51 poisoned darts (quivered)
 t - 2 javelins
 R - 4 throwing nets
Armour
 j - a +5 kite shield (worn)
 s - a +2 pair of gloves (worn)
 u - a +0 pair of boots (worn)
 C - a +1 hat (worn)
 N - a +0 plate armour of cold resistance
 V - a +2 cloak (worn)
 Z - +1 acid dragon scales (worn)
Jewellery
 a - a ring of wizardry
 c - an amulet of guardian spirit (around neck)
 k - a ring of magical power (right hand)
 q - a ring of protection from cold
 y - a +6 ring of intelligence
 z - a +6 ring of intelligence (left hand)
 P - a ring of fire
Wands
 B - a wand of charming (27)
 O - a wand of polymorph (5)
 W - a wand of acid (4)
 X - a wand of iceblast (3)
Scrolls
 d - 4 scrolls of fog
 g - 6 scrolls of teleportation
 h - 3 scrolls of vulnerability
 l - 2 scrolls of poison
 m - 3 scrolls of enchant weapon
 n - 3 scrolls of amnesia
 w - a scroll of summoning {unknown}
 D - 2 scrolls of blinking
 M - 6 scrolls of identify
 T - 2 scrolls of torment {unknown}
Potions
 f - 2 potions of cancellation
 o - 6 potions of flight
 p - 3 potions of lignification
 x - 3 potions of ambrosia
 A - a potion of brilliance {unknown}
 F - a potion of invisibility {unknown}
 G - a potion of haste
 H - 2 potions of curing
 I - 3 potions of mutation
 J - 2 potions of magic {unknown}
 U - a potion of berserk rage {unknown}
 Y - 2 potions of attraction {unknown}


   Skills:
 * Level 12.8 Fighting
 * Level 12.7 Short Blades
 + Level 9.4 Armour
 - Level 10.0 Shields
 - Level 3.6 Spellcasting
 - Level 3.9 Necromancy


You had 15 spell levels left.
You knew the following spells:

 Your Spells              Type           Power      Damage    Failure   Level
a - Dispel Undead         Necr           14%        3d10      69%         4

Your spell library contained the following spells:

 Spells                   Type           Power      Damage    Failure   Level
 Kiss of Death            Conj/Necr      32%        2d7       22%         1
 Apportation              Tloc           4%         N/A       45%         1
 Freeze                   Ice            8%         1d3       45%         1
 Ensorcelled Hibernation  Hex/Ice        4%         N/A       61%         2
 Confusing Touch          Hex            2%         N/A       83%         3
 Dazzling Flash           Conj/Hex       4%         N/A       83%         3
 Frozen Ramparts          Ice            4%         1d1       83%         3
 Hailstorm                Conj/Ice       2%         3d3       83%         3
 Inner Flame              Hex/Fire       2%         N/A       83%         3
 Spider Form              Tmut/Pois      2%         N/A       83%         3
 Anguish                  Hex/Necr       4%         N/A       92%         4
 Agony                    Necr           14%        N/A       95%         5
 Flame Wave               Conj/Fire      2%         2d4       99%         4
 Petrify                  Tmut/Erth      2%         N/A       99%         4
 Sticky Flame             Conj/Fire      2%         2d3       99%         4
 Alistair's Intoxication  Tmut/Pois      1%         N/A       100%        5
 Blade Hands              Tmut           1%         N/A       100%        5
 Irradiate                Conj/Tmut      1%         3d12      100%        5
 Metabolic Englaciation   Hex/Ice        1%         N/A       100%        5
 Silence                  Hex/Air        1%         N/A       100%        5
 Statue Form              Tmut/Erth      1%         N/A       100%        6
 Dragon Form              Tmut           1%         N/A       100%        7


Dungeon Overview and Level Annotations

Branches:
Dungeon (11/15)            Temple (1/1) D:5            Lair (1/5) D:11
Ossuary (visited)          Bailey (visited)
    Orc: D:9-12

Altars:
Ashenzari
Cheibriados
Dithmenos
Elyvilon
Fedhas
Gozag
Hepliaklqana
Kikubaaqudgha
Makhleb
Nemelex Xobeh
Okawaru
Qazlal
Ru
Sif Muna
Trog
Uskayaw
Vehumet
Wu Jian
Xom
Yredelemnul
Zin
The Shining One

Shops:
D:7 ?=!   D:11 *

Annotations:
Lair:1 Sonja


Innate Abilities, Weirdness & Mutations

Your flesh is cold resistant. (rC+)
Your body sometimes deteriorates upon taking damage.
Your natural rate of healing is unusually fast.
You passively dampen the noise of your surroundings.


Message History

You hit the hell hound.
The hell hound is heavily wounded.
The hell hound barely misses you.
The unseen horror hits you but does no damage.
The earth elemental hits you!!
* * * LOW HITPOINT WARNING * * *
You hit the hell hound but do no damage.
The hell hound is heavily wounded.
You block the unseen horror's attack. The hell hound breathes flames at you.
The blast of flame hits you.
* * * LOW HITPOINT WARNING * * *
The blast of flame hits the earth elemental.
The earth elemental completely resists.
The hell hound attacks as you move away!
You block the hell hound's attack. The earth elemental hits you!
* * * LOW HITPOINT WARNING * * *
The hell hound bites you but does no damage.
The hell hound attacks as you move away!
The hell hound closely misses you. You block the unseen horror's attack.
An ancient zyme comes into view.
You hit the earth elemental.
The earth elemental is moderately damaged.
You block the earth elemental's attack.
You puncture the earth elemental!
The earth elemental is heavily damaged.
You puncture the earth elemental!
The earth elemental is heavily damaged.
You hit the earth elemental but do no damage.
The earth elemental is heavily damaged.
The earth elemental barely misses you.
The mana viper hisses angrily.
You hit the earth elemental.
The earth elemental is severely damaged.
You puncture the earth elemental!
The earth elemental is almost destroyed.
You hit the earth elemental.
The earth elemental is almost destroyed.
The earth elemental hits you!!
You die...

# .....####.
.# ##.. .#.###
... #..
.#.#.##.# #..
..# .#..##
###.h###......
..#E #.... .
#.##S#.hS.#
..# # ##E###
#.. #@# . #.
###..x.. .
..##... ... #.
.... #..# ..#


You could see a mana viper, an earth elemental and a hell hound.

Vanquished Creatures
  A bone dragon (Abyss:2)
  Harold (Lair:1)
  A centaur warrior (D:11)
  2 thrashing horrors (Abyss:2)
  An orc high priest (Bailey)
  A glowing orange brain (D:9)
  2 large abominations (Abyss:2)
  A deep troll (D:9)
  A lindwurm (D:8)
  A manticore (D:11)
  An ugly thing (D:11)
  Joseph (D:7)
  A smoke demon (Abyss:2)
  Maggie (D:9)
  An unseen horror (D:11)
  An unseen horror zombie (D:10)
  3 kobold demonologists
  4 komodo dragons
  An ancient zyme (Abyss:2)
  3 hornets
  4 trolls
  2 meliai zombies (D:10)
  A ynoxinul (Abyss:2)
  4 wraiths
  4 wyverns
  A yak (D:10)
  3 hogs (D:10)
  A human (D:10)
  Menkaure (D:4)
  2 steam dragons (D:9)
  3 acid dragons
  3 water moccasins
  2 sky beasts
  15 orc warriors
  3 ice beasts
  An ogre (D:4)
  A small abomination (Abyss:2)
  A black bear (D:5)
  11 centaurs
  4 kobold brigands
  A phantom (D:5)
  Blork the orc (D:4)
  4 scorpions
  6 bullfrogs
  A necrophage (D:10)
  2 gnoll sergeants
  14 wights
  9 killer bees
  10 howler monkeys
  A quasit (Abyss:2)
  5 centaur zombies
  2 human zombies
  4 orc priests
  3 jellies
  A gnoll bouda (D:9)
  A hound (D:5)
  Jessica (D:3)
  9 orc wizards
  Natasha (thrice) (D:4)
  2 iguanas
  7 mummies
  32 gnolls
  7 adders
  A white imp (D:8)
  An ufetubus (D:5)
  3 worms
  2 dart slugs
  31 orcs
  7 endoplasms
  4 giant cockroaches
  14 goblins
  6 hobgoblins
  15 jackals
  8 quokkas
  11 ball pythons
  7 bats
  A frilled lizard (D:1)
  A goblin zombie (Ossuary)
  22 kobolds
  2 kobold zombies (Ossuary)
  3 orc zombies (Ossuary)
  5 rats
  A lurking horror (Abyss:2)
367 creatures vanquished.

Vanquished Creatures (others)
  A yak (D:9)
  An orc (Bailey)
2 creatures vanquished.

Grand Total: 369 creatures vanquished

Notes
Turn   | Place    | Note
-------+----------+-------------------------------------------
     0 | D:1      | Destinykillz the Human Fighter began the quest for the Orb.
     0 | D:1      | Reached XP level 1. HP: 18/18 MP: 1/1
    70 | D:1      | Reached XP level 2. HP: 24/24 MP: 2/2
   105 | D:1      | Found a faded altar of an unknown god.
   566 | D:1      | Reached XP level 3. HP: 29/29 MP: 3/3
  1004 | D:2      | Reached XP level 4. HP: 12/35 MP: 4/4
  1878 | D:3      | Noticed Jessica
  1893 | D:3      | Killed Jessica
  1894 | D:3      | Reached XP level 5. HP: 40/42 MP: 5/5
  1897 | D:3      | Found a white marble altar of Elyvilon.
  1979 | D:3      | Found a radiant altar of Vehumet.
  2067 | D:3      | Found a hazy altar of Hepliaklqana.
  2121 | D:3      | Reached skill level 1 in Spellcasting
  2267 | D:3      | Reached skill level 1 in Necromancy
  2290 | D:3      | Reached XP level 6. HP: 35/48 MP: 7/7
  2829 | D:4      | Noticed Natasha
  2851 | D:4      | Killed Natasha
  3072 | D:4      | Reached XP level 7. HP: 43/54 MP: 9/9
  3195 | D:4      | Noticed Natasha
  3207 | D:4      | Killed Natasha
  3248 | D:4      | Noticed Natasha
  3286 | D:4      | Killed Natasha
  3521 | D:4      | Noticed Menkaure
  3528 | D:3      | Gained mutation: You are partially covered in iridescent
                  | scales. (AC +2) [potion of mutation]
  3528 | D:3      | Gained mutation: Your spells are a little harder to cast,
                  | but a little more powerful. [potion of mutation]
  3529 | D:3      | Lost mutation: You are partially covered in iridescent
                  | scales. (AC +2) [potion of mutation]
  3529 | D:3      | Lost mutation: Your spells are a little harder to cast, but
                  | a little more powerful. [potion of mutation]
  3529 | D:3      | Gained mutation: Your spells are a little easier to cast,
                  | but a little less powerful. [potion of mutation]
  3529 | D:3      | Gained mutation: You have very sharp teeth. [potion of
                  | mutation]
  3668 | D:5      | Entered Level 5 of the Dungeon
  3900 | D:4      | Learned a level 4 spell: Dispel Undead
  4395 | D:4      | Killed Menkaure
  4396 | D:4      | Reached skill level 5 in Shields
  4396 | D:4      | Reached XP level 8. HP: 55/61 MP: 9/11
  4409 | D:5      | Reached skill level 5 in Fighting
  4645 | D:5      | Reached skill level 5 in Short Blades
  4666 | D:5      | Found a staircase to the Ecumenical Temple.
  4694 | Temple   | Entered the Ecumenical Temple
  4876 | Temple   | Became a worshipper of the Shining One
  5440 | D:4      | Noticed Blork the orc
  5450 | D:4      | Killed Blork the orc
  5633 | D:6      | Reached XP level 9. HP: 55/69 MP: 13/13
  6187 | D:6      | Found a basalt altar of Yredelemnul.
  6190 | D:6      | Found a hide-covered altar of Uskayaw.
  6191 | D:6      | Found a sparkling altar of Nemelex Xobeh.
  6758 | D:6      | Identified the +1 hand axe of Vol Teixt {venom, Stlth+}
  7622 | D:7      | Found a stormy altar of Qazlal.
  7902 | D:7      | Noticed Joseph
  7988 | D:7      | Killed Joseph
  7989 | D:7      | Reached skill level 5 in Armour
  8323 | D:7      | Found a burning altar of Makhleb.
  8327 | D:7      | Found a glowing silver altar of Zin.
  8328 | D:7      | Noticed an angel
  8328 | D:7      | Noticed a cacodemon
  8447 | D:7      | Reached XP level 10. HP: 65/77 MP: 15/15
  8506 | D:7      | Found Ykioss's Distillery.
  8506 | D:7      | Found Buneawkixto's Jewellery Boutique.
  8508 | D:7      | Found Motus's Magic Scroll Shop.
  8517 | D:7      | Bought a scroll of teleportation for 45 gold pieces
  8517 | D:7      | Bought a scroll of blinking for 112 gold pieces
  8517 | D:7      | Bought a scroll of identify for 30 gold pieces
  8517 | D:7      | Bought a scroll of identify for 30 gold pieces
  8517 | D:7      | Bought a scroll of identify for 30 gold pieces
  8577 | D:7      | Reached XP level 11. HP: 89/89 MP: 16/16
  9060 | D:7      | Identified the +12 sling "Giantslayer" {freeze, MP-9 Int+5}
  9618 | D:8      | Found a sand-covered staircase.
  9626 | Ossuary  | Entered an ossuary
  9917 | Ossuary  | Reached * piety under the Shining One
 10040 | Ossuary  | Lost mutation: You have very sharp teeth. [potion of
                  | mutation]
 10040 | Ossuary  | Lost mutation: Your spells are a little easier to cast, but
                  | a little less powerful. [potion of mutation]
 10040 | Ossuary  | Gained mutation: Your muscles are strong. (Str +4, Int/Dex
                  | -1) [potion of mutation]
 10040 | Ossuary  | Gained mutation: You are vulnerable to cold. (rC-) [potion
                  | of mutation]
 10040 | Ossuary  | Gained mutation: Your natural rate of healing is unusually
                  | fast. [potion of mutation]
 10041 | Ossuary  | Lost mutation: Your muscles are strong. (Str +4, Int/Dex
                  | -1) [potion of mutation]
 10041 | Ossuary  | Lost mutation: You are vulnerable to cold. (rC-) [potion of
                  | mutation]
 10041 | Ossuary  | Gained mutation: You passively dampen the noise of your
                  | surroundings. [potion of mutation]
 10041 | Ossuary  | Gained mutation: Your flesh is cold resistant. (rC+)
                  | [potion of mutation]
 10189 | D:8      | Paralysed by a hornet for 1 turns
 11213 | D:8      | Noticed a two-headed ogre
 11222 | D:8      | a two-headed ogre changed into a lindwurm
 11222 | D:8      | Noticed a lindwurm
 11242 | D:8      | Killed a lindwurm
 11389 | D:9      | Reached ** piety under the Shining One
 11420 | D:9      | Found a flagged portal.
 11427 | Bailey   | Entered a bailey
 11886 | Bailey   | Reached skill level 10 in Fighting
 12327 | Bailey   | Found an iron altar of Okawaru.
 12327 | Bailey   | Noticed an orc high priest
 12373 | Bailey   | Killed an orc high priest
 12374 | Bailey   | Reached skill level 10 in Short Blades
 12391 | Bailey   | Gained mutation: Your body sometimes deteriorates upon
                  | taking damage. [a neqoxec]
 12492 | Bailey   | Found the +7 sceptre of Torment {pain, torment}
 12665 | D:9      | Acquired the +6 quick blade of Geuvang {heavy, rPois Str+4}
 13214 | D:9      | Noticed Maggie
 13240 | D:9      | Killed Maggie
 13241 | D:9      | Reached XP level 12. HP: 94/97 MP: 14/17
 13469 | D:9      | Noticed a two-headed ogre
 13471 | D:9      | a two-headed ogre changed into a glowing orange brain
 13471 | D:9      | Noticed a glowing orange brain
 13482 | D:9      | Killed a glowing orange brain
 13608 | D:9      | Noticed a two-headed ogre
 13610 | D:9      | a two-headed ogre changed into a deep troll
 13610 | D:9      | Noticed a deep troll
 13624 | D:9      | Killed a deep troll
 14227 | D:9      | Reached skill level 10 in Shields
 14244 | D:10     | Entered Level 10 of the Dungeon
 14441 | D:10     | Found an ancient bone altar of Kikubaaqudgha.
 14441 | D:10     | Reached *** piety under the Shining One
 14975 | D:10     | Reached **** piety under the Shining One
 15457 | D:11     | Reached XP level 13. HP: 76/107 MP: 15/18
 15555 | D:11     | Found Xobidwyps's Overcharged Wands.
 15674 | D:7      | Bought a potion of heal wounds for 75 gold pieces
 15674 | D:7      | Bought a potion of curing for 45 gold pieces
 15674 | D:7      | Bought a potion of curing for 45 gold pieces
 15674 | D:7      | Bought a potion of haste for 150 gold pieces
 15772 | D:11     | Noticed a centaur warrior
 15786 | D:11     | Killed a centaur warrior
 15804 | D:11     | Found a staircase to the Lair.
 16032 | Lair:1   | Entered Level 1 of the Lair of Beasts
 16050 | Lair:1   | Noticed Harold
 16573 | Lair:1   | Killed Harold
 16817 | Lair:1   | Noticed Sonja
 16834 | Abyss:2  | Cast into level 2 of the Abyss (Sonja)
 16911 | Abyss:2  | Noticed a lorocyproca
 17022 | Abyss:2  | Noticed a bone dragon
 17116 | Abyss:2  | Killed a bone dragon
 17150 | Abyss:2  | Found a corrupted altar of Lugonu.
 17304 | Abyss:2  | Mangled by an earth elemental

Illustrated notes

Levels and vault maps discovered:
D:1:      lightli_arrival_windingriver, layout_basic,
          hellmonk_ecumenical_altar_lost_god
D:2:      layout_rooms
D:3:      layout_basic, nicolae_vehumet_radiance,
          mainiacjoe_overflow_tiny_flanked, lemuel_tele_altar, uniq_jessica
D:4:      layout_loops_ring, minivault_27, uniq_natasha, uniq_blork_the_orc,
          uniq_menkaure
D:5:      layout_cave_pools, minmay_temple_entry_wispy
D:6:      layout_basic, chequers_temple_overflow_statue_of_worship
D:7:      layout_loops_ring, grunt_temple_overflow_order_and_chaos_2,
          nicolae_overflow_crystal_walls, st_stairs_1, nicolae_wooded_promenade,
          uniq_joseph
D:8:      layout_loops_ring, chequers_ossuary_entry_cave, minivault_27,
          minmay_puff
D:9:      layout_grid_maze, enter_bailey_2, minmay_joined_circles, uniq_maggie
D:10:     layout_rooms, lemuel_mausoleum_altar_kikubaaqudgha,
          minmay_misc_feat_more_columns, grunt_livestock, hangedman_decor_push,
          kennysheep_generic_room_5
D:11:     layout_rooms, lair_entry_dummy, nicolae_shop_overcharged_wands
Temple:   minmay_temple_bridge_abc
Lair:1:   layout_roguey, uniq_sonja, uniq_harold
Abyss:2:  base: Temple, base: D:13, hangedman_abyss_or_decor_stagger

Skill      XL: |  1  2  3  4  5  6  7  8  9 10 11 12 13 |
---------------+----------------------------------------+-----
Short Blades   | 3 4 5 6 8 10 11 12 | 12.7
Spellcasting   | 1 2 3 |  3.6
Necromancy     | 1 2 3 |  3.9
Shields        | 4 5 6 9 10 | 10.0
Fighting       | 4 5 6 9 10 11 12 | 12.8
Armour         | 4 5 6 7 8 9 |  9.4

Action                     |  1- 3 |  4- 6 |  7- 9 | 10-12 | 13-15 || total
---------------------------+-------+-------+-------+-------+-------++-------
  Melee: Rapier            |   112 |   267 |   562 |   730 |       ||  1671
         Bite              |       |       |    60 |    26 |       ||    86
         Quick blade       |       |       |       |   617 |   326 ||   943
  Throw: Javelin           |       |     1 |     5 |       |       ||     6
         Dart              |       |       |    36 |     7 |     1 ||    44
 Invoke: Divine Shield     |       |       |       |     8 |     2 ||    10
  Evoke: Wand              |       |     6 |     1 |     8 |     4 ||    19
    Use: Scroll            |       |    11 |     3 |    13 |     2 ||    29
         Potion            |       |       |     9 |     9 |    10 ||    28
 Armour: Scale mail        |    43 |   110 |   247 |   338 |       ||   738
         Acid dragon scale |       |       |       |    33 |   102 ||   135
         Skin              |       |       |       |     5 |       ||     5
  Dodge: Dodged            |    43 |   106 |   180 |   251 |    70 ||   650
  Block: Buckler           |    26 |    95 |   212 |    99 |       ||   432
         Kite shield       |       |       |       |   770 |   253 ||  1023

Table legend: (Time is in decaauts)
 A = Elapsed time spent in this place.
 B = Non-inter-level travel time spent in this place.
 C = Inter-level travel time spent in this place.
 D = Time resting spent in this place.
 E = Time spent auto-exploring this place.
 F = Levels seen in this place.
 G = Mean time per level.
                   A        B        C        D        E       F      G
               +--------+--------+--------+--------+--------+-----+--------+
         Total |  16789 |  16163 |    626 |   4299 |   5205 |  16 | 1049.3 |
       Dungeon |  14324 |  13722 |    602 |   3686 |   4955 |  11 | 1302.2 |
        Temple |    205 |    181 |     24 |      0 |    175 |   1 |  205.0 |
          Lair |    283 |    283 |      0 |    139 |     57 |   1 |  283.0 |
         Abyss |    358 |    358 |      0 |      0 |     18 |   1 |  358.0 |
       Ossuary |    457 |    457 |      0 |    145 |      0 |   1 |  457.0 |
        Bailey |   1159 |   1159 |      0 |    329 |      0 |   1 | 1159.0 |
               +--------+--------+--------+--------+--------+-----+--------+

Top non-repeatable levels by time:
     D:6: 1996 daAuts
     D:7: 1840 daAuts
     D:9: 1518 daAuts
     D:8: 1486 daAuts
     D:4: 1485 daAuts
  Bailey: 1159 daAuts
     D:5: 1138 daAuts
     D:3: 1119 daAuts
    D:11: 1046 daAuts
     D:1: 999 daAuts
    D:10: 976 daAuts
     D:2: 717 daAuts
 Ossuary: 457 daAuts
 Abyss:2: 358 daAuts
  Lair:1: 283 daAuts
